 Dungeon Crawl Stone Soup version 0.31.0-9-g3a7656b989 (webtiles) character file.

Game seed: 10201851142863355897

58 qw the Shooter (level 3, -1/20 HPs)
             Began as a Deep Elf Hunter on Feb 2, 2024.
             Slain by an orc wizard
             ... wielding a +0 dagger
              (4 damage)
             ... on level 3 of the Dungeon.
             The game lasted 00:00:05 (1819 turns).

qw the Shooter (Deep Elf Hunter)                    Turns: 1819, Time: 00:00:06

Health: -1/20      AC:  5    Str: 10    XL:     3   Next: 75%
Magic:  5/5        EV: 12    Int: 13    God:
Gold:   135        SH:  0    Dex: 18    Spells: 2/2 levels left

rFire   + . .        a - +0 shortbow
rCold   + . .        (shield currently unavailable)
rNeg    . . .        c - +0 leather armour
rPois   .            b - +0 helmet
rElec   .            h - scarf {rC+ rF+}
rCorr   .            (no gloves)
SInv    .            f - +0 pair of boots
Will    .....        (no amulet)
Stlth   +            (no ring)
HPRegen 0.23/turn    (no ring)
MPRegen 0.09/turn

%: no passive effects
@: confused
A: no striking features
a: no special abilities


You were on level 3 of the Dungeon.
You visited 1 branch of the dungeon, and saw 3 of its levels.

You collected 135 gold pieces.


   Skills:
 - Level 1.5 Fighting
 + Level 7.2 Ranged Weapons
 - Level 2.4 Dodging
 - Level 1.2 Stealth


You had 2 spell levels left.
You didn't know any spells.
Your spell library was empty.

Inventory:

Hand Weapons
 a - a +0 shortbow (weapon)
Armour
 b - a +0 helmet (worn)
 c - a +0 leather armour (worn)
 f - a +0 pair of boots (worn)
 h - a scarf of resistance (worn)
 i - a +0 scale mail
 j - a +0 ring mail
Jewellery
 d - a ring of ice
 k - an amulet of the acrobat
Scrolls
 m - a scroll of amnesia {unknown}
Potions
 g - a potion of mutation {unknown}
 l - a potion of resistance {unknown}

Dungeon Overview and Level Annotations

Branches:
Dungeon (3/15)

Altars:
Elyvilon
Xom
Zin
The Shining One

Shops:
D:1 [


Message History

Something hits you but does no damage.
You shoot an arrow. The arrow hits the adder.
The adder is lightly wounded.
Something hits you but does no damage.
You shoot an arrow. The arrow hits the adder.
The adder is heavily wounded.
The adder misses you.
You hear some strange, mumbled words.
Something tries to affect you, but you resist.
The orc suddenly cheers, as Orcs often do.
You shoot an arrow. The arrow hits the adder!
You kill the adder!
Something hits you.
You shoot an arrow. The arrow barely misses the orc.
Something hits you.
You shoot an arrow.
The arrow hits the orc but does no damage.
You hear some strange, mumbled words.
You are confused.
1812 ||| DRINKING potion of curing.
You feel better.
1812 ||| (to cure confusion)
Something hits you.
You shoot an arrow. The arrow hits the orc.
The orc is severely wounded.
Something hits you.
You shoot an arrow. The arrow hits the orc.
You kill the orc!
Something hits you but does no damage.
You shoot an arrow. The arrow closely misses the orc.
The orc misses you.
You hear some strange, mumbled words.
You are confused.
Something hits you. The orc hits you with a +0 short sword.
The orc hits you but does no damage. Something hits you.
The orc barely misses you.
You hear some strange, mumbled words.
You are more confused.
The orc hits you with a +0 short sword. Something hits you but does no damage.
The orc closely misses you. Something hits you.
You die...

####### #.....# #.....#
#.....##### #......!... .
#.# #.....)# #. #. #.#
###.##.# #.##.##.#
#.@o...# #.......#
#.#{>.....##.
#>.....###.#.#..#..##.
###.#.##.#............ .
#........#.#.#.#......
.##
####.#.#......#.....##..#
#.#
~~~.....##..#####.......o
#.# ~_~~.#......#
#.......###.#####
+.~~.##.##.##
.#####.........


You could see an orc.

Vanquished Creatures
  An adder (D:3)
  A dart slug (D:1)
  3 orcs (D:3)
  4 ball pythons
  3 endoplasms
  4 giant cockroaches
  A goblin (D:3)
  2 hobgoblins
  6 kobolds
  3 quokkas
  3 bats
  4 frilled lizards (D:1)
  4 rats
39 creatures vanquished.

Notes
Turn   | Place    | Note
-------+----------+-------------------------------------------
     0 | D:1      | qw the Deep Elf Hunter began the quest for the Orb.
     0 | D:1      | Reached XP level 1. HP: 12/12 MP: 3/3
     0 | D:1      | 0 ||| qw: Version: 0.3-a-155-g5e7d8dd
     0 | D:1      | 0 ||| qw: Game counter: 1125
     0 | D:1      | 0 ||| qw: Melee chars always use a shield: true
     0 | D:1      | 0 ||| qw: God list: Okawaru
     0 | D:1      | 0 ||| qw: Allow faded altars: false
     0 | D:1      | 0 ||| qw: Do Orc after clearing Dungeon:15 true
     0 | D:1      | 0 ||| qw: Do second Lair branch before Depths: true
     0 | D:1      | 0 ||| qw: Lair rune preference: random
     0 | D:1      | 0 ||| qw: Goals: Normal
     0 | D:1      | 0 ||| PLANNING D:1-11
    63 | D:1      | Found Qalikua's Antique Armour Boutique.
   110 | D:1      | 110 ||| SHOPLISTING ring mail (80 gold, have 0).
   110 | D:1      | 110 ||| SHOPLISTING scale mail (80 gold, have 0).
   225 | D:1      | Reached XP level 2. HP: 16/16 MP: 4/4
   237 | D:1      | Reached skill level 6 in Ranged Weapons
   598 | D:1      | Found a faded altar of an unknown god.
   855 | D:1      | 855 ||| UPGRADING to +0 pair of boots.
   860 | D:1      | 860 ||| READING scroll labelled NANARUT GOUP.
   863 | D:1      | 863 ||| DROPPING scroll of butterflies.
  1143 | D:2      | Reached XP level 3. HP: 20/20 MP: 5/5
  1585 | D:2      | 1585 ||| UPGRADING to +0 helmet.
  1590 | D:2      | 1590 ||| UPGRADING to scarf of resistance.
  1595 | D:2      | 1595 ||| READING scroll labelled ZIBAIVIXKIHO.
  1595 | D:2      | 1595 ||| IDENTIFYING black potion
  1686 | D:3      | Found a shimmering altar of Xom.
  1708 | D:3      | Identified the +1 whip of the Skies Above {vamp, +Blink
                  | rElec rPois Dex+3}
  1746 | D:3      | Found a glowing golden altar of the Shining One.
  1765 | D:3      | Found a glowing silver altar of Zin.
  1767 | D:3      | Found a white marble altar of Elyvilon.
  1800 | D:3      | Reached skill level 7 in Ranged Weapons
  1804 | D:3      | 1804 ||| RETREEEEATING.
  1812 | D:3      | 1812 ||| DRINKING potion of curing.
  1812 | D:3      | 1812 ||| (to cure confusion)
  1818 | D:3      | HP: 3/20 [orc/+0 short sword (3)]
  1819 | D:3      | Slain by an orc wizard

Levels and vault maps discovered:
D:1:      dpeg_arrival_rooms_a, layout_loops_ring,
          shapermc_ecumenical_altar_hornbeckon, serial_shops, shop,
          nicolae_figureground_pulse
D:2:      layout_loops_corners
D:3:      layout_loops_cross, good_gods_mini_temple, xom_teletrap_fun,
          mainiacjoe_overflow_alcove_2, uniq_jessica, uniq_pargi, uniq_robin

Skill      XL: |  1  2  3 |
---------------+----------+-----
Ranged Weapons | 6 7 |  7.2
Fighting       | |  1.5
Dodging        | |  2.4
Stealth        | |  1.2

Action                     || total
---------------------------++-------
   Fire: Shortbow          ||   121
    Use: Scroll            ||     2
         Potion            ||     1
 Armour: Leather armour    ||    29
  Dodge: Dodged            ||    29

Table legend:
 A = Non-vault XP
 B = Vault XP
 C = Vault XP percentage of total XP
 D = Non-vault monster count
 E = Vault monster count
 F = Vault count percentage of total count
                 A         B        C        D         E       F
            +---------+---------+-------+---------+---------+-------
      Total |      83 |       0 |   0.0 |      39 |       0 |   0.0
            +---------+---------+-------+---------+---------+-------
        D:1 |      35 |       0 |   0.0 |      21 |       0 |   0.0
        D:2 |      15 |       0 |   0.0 |       8 |       0 |   0.0
        D:3 |      33 |       0 |   0.0 |      10 |       0 |   0.0
            +---------+---------+-------+---------+---------+-------
